 Dungeon Crawl Stone Soup version 0.28-a0-1184-g53156a8862 (webtiles) character file.

Game seed: 2554289380800850852

222 frimble the Grasshopper (level 5, 0/38 HPs)
             Began as a Demonspawn Warper on Dec 18, 2021.
             Slain by an orc (4 damage)
             ... on level 3 of the Dungeon.
             The game lasted 00:02:47 (3259 turns).

frimble the Grasshopper (Demonspawn Warper)         Turns: 3259, Time: 00:02:49

Health: 0/38       AC:  5    Str: 13    XL:     5   Next: 66%
Magic:  8/8        EV: 12    Int: 16    God:
Gold:   41         SH:  0    Dex: 13    Spells: 8/8 levels left

rFire   . . .      SeeInvis .   i - +1 dagger (elec)
rCold   . . .      Faith    .   (no shield)
rNeg    . . .      Spirit   .   j - +2 robe {Archmagi}
rPois   .          Reflect  .   k - +0 helmet
rElec   .          Harm     .   (no cloak)
rCorr   .          Rampage  .   (no gloves)
Will    .....      Archmagi +   (no boots)
Stlth   ++........              (no amulet)
HPRegen 0.12/turn               (no ring)
MPRegen 0.22/turn               (no ring)

@: no status effects
A: hooves 1, foul stench 1, magic regeneration, big brain 1
a: no special abilities


You were on level 3 of the Dungeon.
You visited 1 branch of the dungeon, and saw 3 of its levels.

You collected 41 gold pieces.

Inventory:

Hand Weapons
 g - a +1 dagger of venom
 i - a +1 dagger of electrocution (weapon)
Missiles
 d - 5 boomerangs of dispersal (quivered)
Armour
 j - a +2 robe of the Archmagi (worn)
 k - a +0 helmet (worn)
Scrolls
 c - a scroll of blinking
 e - a scroll of identify
 h - a scroll of magic mapping
Potions
 a - a potion of might
 b - a potion of flight
 f - a potion of haste


   Skills:
 - Level 2.1 Fighting
 + Level 2.9 Short Blades
 - Level 1.7 Throwing
 - Level 1.0 Armour
 + Level 3.0 Dodging
 + Level 2.0 Stealth
 - Level 2.0 Spellcasting
 + Level 3.6 Translocations


You had 8 spell levels left.
You didn't know any spells.
Your spell library contained the following spells:

 Spells                   Type           Power      Damage    Failure   Level
 Blink                    Tloc           40%        N/A       7%          2
 Gell's Gravitas          Tloc           20%        N/A       14%         3
 Lesser Beckoning         Tloc           20%        N/A       14%         3
 Teleport Other           Tloc           20%        N/A       14%         3
 Manifold Assault         Tloc           20%        N/A       77%         5


Dungeon Overview and Level Annotations

Branches:
Dungeon (3/15)

Altars:
Uskayaw


Innate Abilities, Weirdness & Mutations

You have large cloven feet.
You may rarely emit foul miasma when damaged in melee.
You regenerate magic rapidly.
You have an unusually large brain. (Int +2)


Message History

Something hits you but does no damage.
You barely miss something. You kick something. Something hits you.
You emit a cloud of foul miasma!
You hit something. Lightning courses through something!
Reactivating autopickup.
You feel a bit more experienced. The rat closely misses you.
Things that are here:
a +0 dagger; a +0 robe You hit the orc priest but do no damage.
You kick the orc priest, but do no damage.
The orc priest hits you but does no damage.
You barely miss the orc priest. You kick the orc priest.
The orc priest is lightly wounded.
The rat bites you but does no damage.
The orc priest hits you with a +0 flail!
You emit a cloud of foul miasma!
You hit the orc priest but do no damage.
The orc priest is lightly wounded.
The rat barely misses you.
The orc priest is engulfed in dark miasma.
The orc priest is poisoned.
The orc priest hits you with a +0 flail.
* * * LOW HITPOINT WARNING * * *
You hit the orc priest.
Lightning courses through the orc priest!
You kill the orc priest!
The rat bites you.
* * * LOW HITPOINT WARNING * * *
Your Dodging skill increases to level 3!
Your Stealth skill increases to level 2!
You hit the rat.
The rat is moderately wounded.
The rat bites you.
* * * LOW HITPOINT WARNING * * *
You hit the rat.
You kill the rat!
You hit the orc but do no damage. You kick the orc, but do no damage.
The orc hits you with a +0 flail.
You die...

....... .......
....... .. . .......
(............. .....
#.#...).......
..w####.##..........
#†○.....#.........#
#o.....#..........
#@.....#..........
#...$..#...†......
#####............<....
#.....................
#..........#.........#
#.###......#.#.)....##
# #.######.##.#####
#..# ......# ...##
.......#


You could see a dart slug and an orc.

Vanquished Creatures
  An orc priest (D:3)
  Jessica (D:2)
  Terence (D:2)
  An orc wizard (D:3)
  A hound skeleton (D:2)
  5 adders
  2 worms
  An orc (D:3)
  4 ball pythons
  3 endoplasms
  2 giant cockroaches
  4 goblins
  4 hobgoblins
  9 jackals
  2 kobolds (D:1)
  2 quokkas
  4 bats
  2 frilled lizards (D:1)
  6 rats
55 creatures vanquished.

Vanquished Creatures (others)
  24 plants (D:2)
24 creatures vanquished.

Grand Total: 79 creatures vanquished

Notes
Turn   | Place    | Note
-------+----------+-------------------------------------------
     0 | D:1      | frimble the Demonspawn Warper began the quest for the Orb.
     0 | D:1      | Reached XP level 1. HP: 16/16 MP: 3/3
   107 | D:1      | Reached skill level 1 in Throwing
   107 | D:1      | Reached skill level 1 in Armour
   319 | D:1      | Gained mutation: You regenerate magic rapidly. [demonic
                  | ancestry]
   319 | D:1      | Reached XP level 2. HP: 15/22 MP: 5/5
   677 | D:1      | Found a faded altar of an unknown god.
  1703 | D:2      | Found a hide-covered altar of Uskayaw.
  1710 | D:2      | Gained mutation: You have an unusually large brain. (Int
                  | +2) [demonic ancestry]
  1710 | D:2      | Reached XP level 3. HP: 27/27 MP: 6/6
  2076 | D:2      | Noticed Jessica
  2483 | D:2      | Gained mutation: You have large cloven feet. [demonic
                  | ancestry]
  2483 | D:2      | Reached XP level 4. HP: 32/33 MP: 7/7
  2515 | D:2      | Noticed Terence
  2527 | D:2      | Killed Terence
  2528 | D:2      | Reached skill level 1 in Stealth
  2656 | D:2      | Killed Jessica
  2740 | D:2      | Gained mutation: You may rarely emit foul miasma when
                  | damaged in melee. [demonic ancestry]
  2740 | D:2      | Reached XP level 5. HP: 38/38 MP: 8/8
  3259 | D:3      | Slain by an orc

Illustrated notes

Levels and vault maps discovered:
D:1:      nicolae_arrival_somewhat_less_tricky_arrival, layout_basic,
          ebering_ecumenical_altar_rust
D:2:      layout_loops_ring, basic_altar, serial_bayou_lake_a, uniq_terence,
          uniq_jessica
D:3:      layout_rooms, serial_corexii_hall, corexii_hall_statues_t,
          corexii_hall_statues_i

Skill      XL: |  1  2  3  4  5 |
---------------+----------------+-----
Throwing       | 1 |  1.7
Armour         | 1 |  1.0
Short Blades   | 2 |  2.9
Dodging        | 2 3 |  3.0
Translocations | 3 |  3.6
Stealth        | 1 2 |  2.0
Fighting       | |  2.1
Spellcasting   | |  2.0

Action                   |  1- 3 |  4- 6 || total
-------------------------+-------+-------++-------
Melee: Short sword       |    69 |       ||    69
       Dagger            |    85 |    69 ||   154
       Kick              |       |    11 ||    11
  Use: Scroll            |     5 |     2 ||     7
       Potion            |       |     2 ||     2
 Stab: Sleeping          |     1 |     2 ||     3
Armor: Leather armour    |    39 |     2 ||    41
       Robe              |       |    17 ||    17
Dodge: Dodged            |   103 |    39 ||   142

Table legend: (Time is in decaauts)
 A = Elapsed time spent in this place.
 B = Non-inter-level travel time spent in this place.
 C = Inter-level travel time spent in this place.
 D = Time resting spent in this place.
 E = Time spent auto-exploring this place.
 F = Levels seen in this place.
 G = Mean time per level.
                   A        B        C        D        E       F      G
               +--------+--------+--------+--------+--------+-----+--------+
         Total |   3295 |   3190 |    105 |      0 |   2737 |   3 | 1098.3 |
       Dungeon |   3295 |   3190 |    105 |      0 |   2737 |   3 | 1098.3 |
               +--------+--------+--------+--------+--------+-----+--------+

Top non-repeatable levels by time:
     D:1: 1823 daAuts
     D:2: 1360 daAuts
     D:3: 111 daAuts
